 Dungeon Crawl Stone Soup version 0.27.1-4-g1640c2035a (webtiles) character file.

Game seed: 726684209000399330

71 bearlyready the Sneak (level 4, -4/45 HPs)
             Began as an Ogre Brigand on Nov 15, 2021.
             Killed from afar by an orc wizard (6 damage)
             ... with a puff of flame
             ... on level 3 of the Dungeon.
             The game lasted 00:04:47 (3247 turns).

bearlyready the Sneak (Ogre Brigand)                Turns: 3247, Time: 00:04:47

Health: -4/45      AC:  4    Str: 16    XL:     4   Next: 24%
Magic:  4/4        EV:  9    Int: 12    God:
Gold:   71         SH:  0    Dex: 10    Spells: 3/3 levels left

rFire    . . .     SeeInvis .   g - +0 club
rCold    . . .     Faith    .   (no shield)
rNeg     . . .     Spirit   .   b - +0 robe
rPois    .         Reflect  .   (helmet restricted)
rElec    .         Harm     .   c - +0 cloak
rCorr    .         Rampage  .   (gloves unavailable)
Will     .....                  (boots unavailable)
Stlth    ++........             (no amulet)
HPRegen  0.15/turn              (no ring)
MPRegen  0.09/turn              (no ring)

@: no status effects
A: large, unfitting armour, tough skin 1, deterioration 1, MP-powered wands
a: no special abilities


You were on level 3 of the Dungeon.
You visited 1 branch of the dungeon, and saw 3 of its levels.

You collected 71 gold pieces.

Inventory:

Hand Weapons
 g - a +0 club (weapon)
Missiles
 f - 51 stones (quivered)
Armour
 b - a +0 robe (worn)
 c - a +0 cloak (worn)
Scrolls
 a - a scroll of amnesia {unknown}
 k - a scroll of torment {unknown}
 l - a scroll of enchant armour {unknown}
 n - a scroll of blinking {unknown}
 o - a scroll of identify {unknown}
 p - a scroll of summoning {unknown}
 q - a scroll of fear {unknown}
Potions
 j - a potion of magic {unknown}


   Skills:
 - Level 3.0 Fighting
 - Level 1.7 Short Blades
 + Level 3.0 Maces & Flails
 - Level 2.2 Throwing
 - Level 0.8 Dodging
 - Level 3.0 Stealth


You had 3 spell levels left.
You didn't know any spells.
Your spell library was empty.

Dungeon Overview and Level Annotations

Branches:
Dungeon (3/15)

Altars:


Innate Abilities, Weirdness & Mutations

You are too large for most types of armour.
You have tough skin. (AC +1)
Your body sometimes deteriorates upon taking damage.
You expend magic power (3 MP) to strengthen your wands.


Message History

You miss something. Something hits you.
You barely miss something.
You hear some strange, mumbled words.
A puff of flame appears from out of thin air!
The puff of flame misses you.
You barely miss something.
You hear some strange, mumbled words.
You are confused.
You bump into the rock wall.
Something hits you.
You hear some strange, mumbled words.
You are more confused.
Something hits you.
You see here a quokka corpse.
You bump into the rock wall.
Something hits you.
* * * LOW HITPOINT WARNING * * *
You bump into the rock wall.
Something hits you.
* * * LOW HITPOINT WARNING * * *
It was a potion of curing.
You feel better. Something hits you but does no damage.
Something hits you but does no damage.
You closely miss something. Something hits you.
You hit something but do no damage. Something hits you.
You closely miss something. Something hits you but does no damage.
Something hits you.
You barely miss something. Something hits you but does no damage.
You hit something but do no damage. Something hits you but does no damage.
You closely miss something. Something hits you.
* * * LOW HITPOINT WARNING * * *
You miss something.
You hear some strange, mumbled words.
A magic dart appears from out of thin air!
The magic dart hits you!
* * * LOW HITPOINT WARNING * * *
You miss something. Something hits you.
* * * LOW HITPOINT WARNING * * *
You closely miss something.
You hear some strange, mumbled words.
A puff of flame appears from out of thin air!
The puff of flame hits you.
You die...

#.# #.# #.#
##.# ...
#.#
#.#########
#.{......(.
#@#######..
#<...#
#..#.# #..#
# #..# #..#
#..# #.##
#.#


There were no monsters in sight!

Vanquished Creatures
  3 adders
  A dart slug (D:1)
  An orc (D:3)
  An endoplasm (D:2)
  2 giant cockroaches (D:1)
  3 goblins
  2 hobgoblins (D:2)
  6 jackals (D:1)
  4 kobolds
  2 quokkas
  A ball python (D:2)
  7 bats
  A frilled lizard (D:2)
  6 rats
40 creatures vanquished.

Notes
Turn   | Place    | Note
-------+----------+-------------------------------------------
     0 | D:1      | bearlyready the Ogre Brigand began the quest for the Orb.
     0 | D:1      | Reached XP level 1. HP: 22/22 MP: 1/1
   166 | D:1      | Reached XP level 2. HP: 21/31 MP: 2/2
   506 | D:1      | Reached skill level 1 in Maces & Flails
   983 | D:1      | Reached XP level 3. HP: 26/37 MP: 3/3
  2305 | D:2      | Found a faded altar of an unknown god.
  2590 | D:2      | Gained mutation: Your body sometimes deteriorates upon
                  | taking damage. [potion of mutation]
  2590 | D:2      | Gained mutation: You expend magic power (3 MP) to
                  | strengthen your wands. [potion of mutation]
  2985 | D:3      | Reached XP level 4. HP: 45/45 MP: 4/4
  3246 | D:3      | HP: 2/45 [something (1)]
  3247 | D:3      | Killed from afar by an orc wizard

Illustrated notes

Levels and vault maps discovered:
D:1:      dpeg_arrival_prison, layout_basic
D:2:      layout_basic, hellmonk_ecumenical_altar_inner_sanctum,
          serial_bayou_lagoon_b
D:3:      minmay_recursive_quarters, layout_basic, serial_shops,
          nicolae_shop_trees, minmay_circle_x, uniq_sigmund

Skill      XL: |  1  2  3  4 |
---------------+-------------+-----
Stealth        | 3 |  3.0
Fighting       | 3 |  3.0
Maces & Flails | 1 2 3 |  3.0
Short Blades   | |  1.7
Throwing       | |  2.2
Dodging        | |  0.8

Action                   |  1- 3 |  4- 6 || total
-------------------------+-------+-------++-------
Melee: Club              |   210 |    36 ||   246
       Dagger            |    10 |       ||    10
Throw: Dart              |    24 |     8 ||    32
       Stone             |     1 |     3 ||     4
  Use: Potion            |     3 |     1 ||     4
 Stab: Sleeping          |     7 |       ||     7
Armor: Robe              |   119 |    20 ||   139
Dodge: Dodged            |   161 |    14 ||   175
